 Dungeon Crawl Stone Soup version 0.31-a0-1178-gc5c9b8f871 (webtiles) character file.

Game seed: 12612037684203680424

172 qw the Shooter (level 5, -1/32 HPs)
             Began as a Gargoyle Hunter on Dec 11, 2023.
             Slain by a centaur (2 damage)
             ... on level 4 of the Dungeon.
             The game lasted 00:00:49 (2019 turns).

qw the Shooter (Gargoyle Hunter)                    Turns: 2019, Time: 00:00:50

Health: -1/32      AC: 14    Str: 14    XL:     5   Next: 53%
Magic:  5/5        EV: 11    Int: 10    God:
Gold:   194        SH:  0    Dex: 15    Spells: 4/4 levels left

rFire   . . .        a - +1 shortbow
rCold   . . .        (shield currently unavailable)
rNeg    + . .        b - +0 ring mail
rPois   inf          i - +0 helmet
rElec   +            (no cloak)
rCorr   .            h - +1 pair of gloves
SInv    .            d - +1 pair of boots
Will    .....        (no amulet)
Stlth   +            (no ring)
HPRegen 0.25/turn    (no ring)
MPRegen 0.09/turn

%: no passive effects
@: no status effects
A: sickness immunity, AC +4, negative energy resistance 1, electricity
resistance, torment resistance 1, petrification resistance
a: no special abilities


You were on level 4 of the Dungeon.
You visited 1 branch of the dungeon, and saw 4 of its levels.

You collected 254 gold pieces.
You spent 60 gold pieces at shops.


Innate Abilities, Weirdness & Mutations

You are immune to sickness and miasma.
Your stone body is resilient. (AC +4)
You are immune to poison.
You resist negative energy. (rN+)
You are resistant to electric shocks. (rElec)
You are resistant to unholy torment.
You are immune to petrification.


   Skills:
 - Level 3.1 Fighting
 - Level 6.0 Ranged Weapons
 + Level 1.6 Armour
 - Level 1.5 Dodging
 - Level 1.1 Stealth


You had 4 spell levels left.
You didn't know any spells.
Your spell library was empty.

Inventory:

Hand Weapons
 a - a +1 shortbow (weapon)
Armour
 b - a +0 ring mail (worn)
 d - a +1 pair of boots (worn)
 h - a +1 pair of gloves (worn)
 i - a +0 helmet (worn)
Wands
 e - a wand of polymorph (13)
Scrolls
 f - a scroll of torment {unknown}
Potions
 k - a potion of might

Dungeon Overview and Level Annotations

Branches:
Dungeon (4/15)
 Temple: D:4-7

Altars:
Yredelemnul

Shops:
D:2 *

Annotations:
D:3 1 runed translucent door, Crazy Yiuf


Message History

The centaur is lightly wounded.
The centaur shoots an arrow.
The arrow hits you!
The centaur shoots an arrow.
The arrow hits you.
You shoot an arrow. The arrow hits the centaur.
The centaur is heavily wounded.
The centaur shoots an arrow.
The arrow barely misses you.
You shoot an arrow.
The arrow hits the centaur but does no damage.
The centaur is heavily wounded.
The centaur shoots an arrow.
The arrow hits you.
The centaur shoots an arrow.
The arrow hits you.
You shoot an arrow. The arrow hits the centaur.
The centaur is heavily wounded.
You shoot an arrow. The arrow hits the hobgoblin.
The hobgoblin is lightly wounded.
The hobgoblin closely misses you.
You shoot an arrow. The arrow hits the hobgoblin.
You kill the hobgoblin!
The centaur shoots an arrow.
The arrow barely misses you.
The centaur shoots an arrow.
The arrow barely misses you.
You shoot an arrow. The arrow barely misses the centaur.
The centaur shoots an arrow.
The arrow barely misses you.
The centaur shoots an arrow.
The arrow hits you but does no damage.
You shoot an arrow. The arrow hits the centaur.
The centaur is severely wounded.
The centaur shoots an arrow.
The arrow hits you but does no damage.
The centaur shoots an arrow.
The arrow hits you!
You shoot an arrow. The arrow barely misses the centaur.
The centaur shoots an arrow.
The arrow completely misses you.
A ball python comes into view.
The centaur shoots an arrow.
The arrow closely misses you.
You shoot an arrow. The ball python hisses angrily.
The arrow hits the centaur but does no damage.
The centaur is severely wounded.
The centaur shoots an arrow.
The arrow barely misses you.
You shoot an arrow. The arrow hits the centaur.
The centaur is almost dead.
The centaur unwields a +0 shortbow.
The centaur hits you. The centaur kicks you.
You die...

##..........#... ...#
...##..#......#. ....
..###.##.#...#. ..S..
..###...##.....
#.....###..##..# ##...#
#..........##.. ##....
##.)# ##)..##..##.....
#...c##.%.........##.#
#@..##............
#....#............
............!.##...#
.................#....
.......................
.......................
.......................
........P.P............
..[.._.............


You could see a centaur and a ball python.

Vanquished Creatures
  Jessica (D:2)
  An iguana (D:4)
  An orc wizard (D:3)
  4 adders
  5 orcs
  7 ball pythons
  4 bats
  2 endoplasms
  A giant cockroach (D:3)
  4 goblins
  7 hobgoblins
  5 quokkas
  3 frilled lizards
  3 kobolds
  8 rats
56 creatures vanquished.

Notes
Turn   | Place    | Note
-------+----------+-------------------------------------------
     0 | D:1      | qw the Gargoyle Hunter began the quest for the Orb.
     0 | D:1      | Reached XP level 1. HP: 12/12 MP: 1/1
     0 | D:1      | 0 ||| qw: Version: 0.3-a-106-g2cfff9e
     0 | D:1      | 0 ||| qw: Game counter: 2058
     0 | D:1      | 0 ||| qw: Melee chars always use a shield: true
     0 | D:1      | 0 ||| qw: God list: Okawaru
     0 | D:1      | 0 ||| qw: Allow faded altars: false
     0 | D:1      | 0 ||| qw: Do Orc after clearing Dungeon:15 true
     0 | D:1      | 0 ||| qw: Do second Lair branch before Depths: true
     0 | D:1      | 0 ||| qw: Lair rune preference: random
     0 | D:1      | 0 ||| qw: Goals: Normal, Save, Zot:1-4, Win
     0 | D:1      | 0 ||| PLANNING D:1-11
    72 | D:1      | Reached XP level 2. HP: 15/17 MP: 2/2
   502 | D:1      | 502 ||| UPGRADING to +1 pair of boots.
   507 | D:1      | 507 ||| UPGRADING to +0 pair of gloves.
   512 | D:1      | 512 ||| UPGRADING to +0 helmet.
   517 | D:1      | 517 ||| READING scroll labelled ZEFRI RASOEMO.
   517 | D:1      | 517 ||| ENCHANTING +0 shortbow.
   518 | D:1      | 518 ||| READING scroll labelled NEPNOG GEVIN.
   619 | D:1      | 619 ||| READING scroll labelled TOETA VO VAVVI.
   620 | D:1      | 620 ||| READING 2 scrolls labelled HIKLEWNONK.
   620 | D:1      | 620 ||| IDENTIFYING golden potion
   621 | D:1      | 621 ||| READING scroll of identify.
   621 | D:1      | 621 ||| IDENTIFYING fuming ruby potion
   622 | D:1      | 622 ||| READING scroll labelled FAEZER FIAL.
   623 | D:1      | 623 ||| DROPPING scroll of butterflies.
   624 | D:1      | 624 ||| DROPPING potion of berserk rage.
   752 | D:2      | Reached skill level 1 in Armour
   752 | D:2      | Reached XP level 3. HP: 21/21 MP: 3/3
   785 | D:2      | Found Demauhi's General Store.
   791 | D:2      | Reached skill level 5 in Ranged Weapons
   796 | D:2      | 796 ||| BUYING +0 ring mail (40 gold).
   796 | D:2      | Bought a +0 ring mail for 40 gold pieces
   796 | D:2      | 796 ||| SHOPLISTING +3 leather armour of poison resistance
                  | (210 gold, have 49).
   796 | D:2      | 796 ||| SHOPLISTING potion of cancellation (80 gold, have
                  | 49).
   796 | D:2      | 796 ||| SHOPLISTING scroll of enchant armour (75 gold, have
                  | 49).
   796 | D:2      | 796 ||| BUYING scroll of identify (20 gold).
   796 | D:2      | Bought a scroll of identify for 20 gold pieces
   796 | D:2      | 796 ||| SHOPLISTING scroll of teleportation (30 gold, have
                  | 29).
   874 | D:2      | 874 ||| UPGRADING to +0 ring mail.
   884 | D:2      | 884 ||| DROPPING +0 leather armour.
   890 | D:2      | 890 ||| STAIRDANCE
   935 | D:2      | Noticed Jessica
   940 | D:2      | Killed Jessica
   941 | D:2      | Reached skill level 3 in Fighting
   941 | D:2      | Reached XP level 4. HP: 28/28 MP: 4/4
  1199 | D:2      | 1199 ||| READING scroll of identify.
  1199 | D:2      | 1199 ||| IDENTIFYING scroll labelled HYNI LOWKO
  1200 | D:2      | 1200 ||| READING scroll of enchant armour.
  1200 | D:2      | 1200 ||| ENCHANTING +0 pair of gloves.
  1201 | D:2      | 1201 ||| READING scroll labelled IBIPSI IW PILLU.
  1580 | D:3      | 1580 ||| DRINKING smoky inky potion.
  1581 | D:3      | 1581 ||| DRINKING ruby potion.
  1582 | D:3      | 1582 ||| DRINKING puce potion.
  1599 | D:3      | Reached XP level 5. HP: 20/32 MP: 5/5
  1789 | D:3      | Found a runed translucent door.
  1790 | D:3      | Noticed Crazy Yiuf
  1793 | D:3      | 1793 ||| READING 2 scrolls labelled XOSTRYBBEASO.
  1850 | D:4      | Found a basalt altar of Yredelemnul.
  1881 | D:4      | Noticed a centaur
  1888 | D:4      | HP: 5/32 [centaur/arrow (8)]
  1889 | D:4      | 1889 ||| READING scroll of teleportation.
  1896 | D:4      | Reached skill level 6 in Ranged Weapons
  2011 | D:4      | HP: 8/32 [centaur/arrow (3)]
  2016 | D:4      | HP: 2/32 [centaur/arrow (8)]
  2019 | D:4      | Slain by a centaur

Levels and vault maps discovered:
D:1:      minmay_arrival_up_and_down, layout_rooms
D:2:      layout_basic, serial_shops, shop, uniq_jessica
D:3:      layout_rooms, minmay_fractal_squares_diagonal_5,
          uniq_crazy_yiuf_cottage
D:4:      layout_cave_pools, kiku_gazebo_garden_becter, kennysheep_mini,
          yredelemnul_altar_generic

Skill      XL: |  1  2  3  4  5 |
---------------+----------------+-----
Armour         | 1 |  1.6
Ranged Weapons | 5 6 |  6.0
Fighting       | 3 |  3.1
Dodging        | |  1.5
Stealth        | |  1.1

Action                     |  1- 3 |  4- 6 || total
---------------------------+-------+-------++-------
   Fire: Shortbow          |    89 |    84 ||   173
    Use: Scroll            |     6 |     5 ||    11
         Potion            |       |     3 ||     3
 Armour: Leather armour    |    29 |       ||    29
         Ring mail         |       |    52 ||    52
  Dodge: Dodged            |    21 |    36 ||    57

Table legend:
 A = Non-vault XP
 B = Vault XP
 C = Vault XP percentage of total XP
 D = Non-vault monster count
 E = Vault monster count
 F = Vault count percentage of total count
                 A         B        C        D         E       F
            +---------+---------+-------+---------+---------+-------
      Total |     200 |      47 |  19.0 |      49 |       7 |  12.5
            +---------+---------+-------+---------+---------+-------
        D:1 |      29 |       0 |   0.0 |      19 |       0 |   0.0
        D:2 |      58 |      37 |  38.9 |      15 |       1 |   6.2
        D:3 |      61 |      10 |  14.1 |       8 |       6 |  42.9
        D:4 |      52 |       0 |   0.0 |       7 |       0 |   0.0
            +---------+---------+-------+---------+---------+-------
